 Dungeon Crawl Stone Soup version 0.32-a0-960-g3814254bd7 (webtiles) character file.

Game seed: 13134300530749739756

64 Autsider the Sneak (level 3, 0/25 HPs)
             Began as a Vampire Enchanter on Apr 17, 2024.
             Slain by a ribbon worm (7 damage)
             ... on level 2 of the Dungeon.
             The game lasted 00:03:48 (1259 turns).

Autsider the Sneak (Vampire Enchanter)              Turns: 1259, Time: 00:03:49

Health: 0/25       AC:  2    Str:  7    XL:     3   Next: 91%
Magic:  4/6        EV: 11    Int: 19    God:
Gold:   111        SH:  0    Dex: 14    Spells: 1/6 levels left

rFire   . . .        a - +1 dagger
rCold   . . .        (no shield)
rNeg    . . .        b - +0 robe
rPois   .            (no helmet)
rElec   .            (no cloak)
rCorr   .            (no gloves)
SInv    +            (no boots)
Will    .....        (no amulet)
Stlth   +++          (no ring)
HPRegen 0.44/turn    (no ring)
MPRegen 0.10/turn

%: no passive effects
@: healing quickly
A: alive, fangs 3, see invisible, vampiric 2
a: Exsanguinate


You were on level 2 of the Dungeon.
You visited 1 branch of the dungeon, and saw 2 of its levels.

You collected 111 gold pieces.

Inventory:

Hand Weapons
 a - a +1 dagger (weapon)
Armour
 b - a +0 robe (worn)
Scrolls
 e - 3 scrolls of identify {unknown}
 f - a scroll of noise {unknown}
 g - a scroll of teleportation {unknown}
 h - a scroll of vulnerability {unknown}
 j - a scroll of acquirement {unknown}
Potions
 c - 2 potions of invisibility
 d - a potion of ambrosia {unknown}
 i - 2 potions of might {unknown}


   Skills:
 + Level 0.5 Fighting
 - Level 1.1 Short Blades
 - Level 2.1 Dodging
 + Level 5.2 Stealth
 + Level 2.2 Spellcasting
 + Level 5.2 Hexes
 - Level 2.0 Ice Magic


You had one spell level left.
You knew the following spells:

 Your Spells              Type           Power      Damage    Failure   Level
a - Ensorcelled Hibernat  Hex/Ice        30%        N/A       5%          2
b - Confusing Touch       Hex            22%        N/A       6%          3

Your spell library contained the following spells:

 Spells                   Type           Power      Damage    Failure   Level
 Tukima's Dance           Hex            22%        N/A       6%          3
 Dazzling Flash           Conj/Hex       24%        N/A       17%         3


Dungeon Overview and Level Annotations

Branches:
Dungeon (2/15)

Altars:


Innate Abilities, Weirdness & Mutations

Your natural rate of healing is accelerated.
You have razor-sharp teeth.
You have supernaturally acute eyesight. (SInv)
You are afflicted with vampirism and can become a bat while bloodless.


Message History

The ribbon worm bites you.
You struggle to detach yourself from the web.
The ribbon worm completely misses you.
The web tears apart.
The ribbon worm bites you.
You hit the ribbon worm.
The ribbon worm is lightly wounded.
You barely miss the ribbon worm.
The ribbon worm is lightly wounded.
The ribbon worm expels a string of sticky webbing.
The stream of webbing hits you but does no damage.
You are caught in a web!
The web tears apart.
The ribbon worm barely misses you.
You hit the ribbon worm.
The ribbon worm is lightly wounded.
The ribbon worm bites you.
You hit the ribbon worm.
The ribbon worm is moderately wounded.
The ribbon worm bites you.
* * * LOW HITPOINT WARNING * * *
You hit the ribbon worm.
The ribbon worm is heavily wounded.
You hit the ribbon worm.
You bite the ribbon worm, but do no damage.
The ribbon worm is severely wounded.
The ribbon worm bites you.
* * * LOW HITPOINT WARNING * * *
You hit the ribbon worm but do no damage.
The ribbon worm is severely wounded.
The ribbon worm closely misses you.
You hit the ribbon worm.
The ribbon worm is severely wounded.
The ribbon worm expels a string of sticky webbing.
The stream of webbing hits you but does no damage.
You are caught in a web!
You struggle to detach yourself from the web.
The ribbon worm bites you.
* * * LOW HITPOINT WARNING * * *
You struggle to detach yourself from the web.
The web tears apart.
The ribbon worm bites you!
You die...

#.........#### ######
#.........#... #.....
#.........#... #.....
#...).........
#.....###########.......
#............# #.†.....
#.>..........# #.......
+............####....#.#
.......@.....#.........#
.......w.[...#.##...##.#
........##...#.#........
........##...#.##.......
........##...#.##..#.#.#
.####...##...#.##..#.#.#
#...##...#.##..#.#..
######...#.##.##.#.#
#...#........>#


You could see a ribbon worm (catching breath).

Vanquished Creatures
  2 adders (D:2)
  A ribbon worm (D:2)
  2 dart slugs
  6 ball pythons
  5 endoplasms
  2 giant cockroaches
  A goblin (D:2)
  2 hobgoblins (D:1)
  2 quokkas (D:1)
  A bat (D:1)
  2 frilled lizards (D:1)
  5 kobolds
  8 rats
39 creatures vanquished.

Notes
Turn   | Place    | Note
-------+----------+-------------------------------------------
     0 | D:1      | Autsider the Vampire Enchanter began the quest for the Orb.
     0 | D:1      | Reached XP level 1. HP: 13/13 MP: 3/3
   191 | D:1      | Reached XP level 2. HP: 18/19 MP: 5/5
   242 | D:1      | Reached skill level 1 in Ice Magic
   272 | D:1      | Reached skill level 5 in Stealth
   613 | D:1      | Found a faded altar of an unknown god.
   625 | D:1      | Reached skill level 5 in Hexes
   796 | D:2      | Gained mutation: You are afflicted with vampirism and can
                  | become a bat while bloodless. [Vampire growth]
   796 | D:2      | Reached XP level 3. HP: 21/24 MP: 6/6
   916 | D:2      | Learned a level 2 spell: Ensorcelled Hibernation
   968 | D:2      | Learned a level 3 spell: Confusing Touch
  1259 | D:2      | Slain by a ribbon worm

Illustrated notes

Levels and vault maps discovered:
D:1:      dpeg_arrival_central, layout_basic,
          ebering_ecumenical_altar_sacrificial
D:2:      layout_basic

Skill      XL: |  1  2  3 |
---------------+----------+-----
Ice Magic      | 1 2 |  2.0
Stealth        | 5 |  5.2
Hexes          | 5 |  5.2
Fighting       | |  0.5
Short Blades   | |  1.1
Dodging        | |  2.1
Spellcasting   | |  2.2

Action                     || total
---------------------------++-------
  Melee: Dagger            ||   144
         Bite              ||    13
   Cast: Ensorcelled Hiber ||     3
         Confusing Touch   ||     1
   Stab: Sleeping          ||    14
         Confused          ||     1
 Armour: Robe              ||    52
  Dodge: Dodged            ||    69

Table legend: (Time is in decaauts)
 A = Elapsed time spent in this place.
 B = Non-inter-level travel time spent in this place.
 C = Inter-level travel time spent in this place.
 D = Time resting spent in this place.
 E = Time spent auto-exploring this place.
 F = Levels seen in this place.
 G = Mean time per level.
                   A        B        C        D        E       F      G
               +--------+--------+--------+--------+--------+-----+--------+
         Total |   1251 |   1218 |     33 |      0 |    875 |   2 |  625.5 |
       Dungeon |   1251 |   1218 |     33 |      0 |    875 |   2 |  625.5 |
               +--------+--------+--------+--------+--------+-----+--------+

Top non-repeatable levels by time:
     D:1: 742 daAuts
     D:2: 509 daAuts
